 Dungeon Crawl Stone Soup version 0.26-a0-639-g72c4674329 (webtiles) character file.

Game seed: 9147729530111702568

63 DogServant the Covered (level 3, 0/33 HPs)
             Began as a Minotaur Fighter on Sept 15, 2020.
             Slain by a gnoll
             ... wielding a +0 halberd
              (8 damage)
             ... on level 2 of the Dungeon.
             The game lasted 00:01:39 (1212 turns).

DogServant the Covered (Minotaur Fighter)           Turns: 1212, Time: 00:01:39

Health: 0/33       AC:  7    Str: 20    XL:     3   Next: 87%
Magic:  2/2        EV:  9    Int:  5    God:
Gold:   79         SH:  0    Dex: 10    Spells: 2/2 levels left

rFire    . . .     SeeInvis .   a - +0 long sword
rCold    . . .     Faith    .   (no shield)
rNeg     . . .     Spirit   .   b - +0 scale mail
rPois    .         Reflect  .   (helmet restricted)
rElec    .         Harm     .   (no cloak)
rCorr    .         Rampage  .   (no gloves)
MR       .....                  (no boots)
Stlth    ..........             (no amulet)
HPRegen  0.11/turn              (no ring)
MPRegen  0.08/turn              (no ring)

@: mighty
A: retaliatory headbutt, horns 2
a: no special abilities


You were on level 2 of the Dungeon.
You visited 1 branch of the dungeon, and saw 2 of its levels.

You collected 79 gold pieces.

Inventory:

Hand Weapons
 a - a +0 long sword (weapon)
Armour
 b - a +0 scale mail (worn)
 c - a +0 kite shield
Scrolls
 g - 3 scrolls of teleportation {unknown}
 h - 6 scrolls of identify {unknown}
 i - 2 scrolls of remove curse {unknown}
 j - a scroll of fog {unknown}
 k - a scroll of immolation {unknown}
Potions
 e - 2 potions of curing {unknown}
 f - a potion of stabbing {unknown}


   Skills:
 + Level 4.2 Fighting
 * Level 4.0 Long Blades
 + Level 4.3 Armour
 - Level 3.6 Shields


You had 2 spell levels left.
You didn't know any spells.
Your spell library was empty.

Dungeon Overview and Level Annotations

Branches:
Dungeon (2/15)

Altars:


Innate Abilities, Weirdness & Mutations

You reflexively headbutt those who attack you in melee.
You have a pair of horns on your head.


Message History

You see here a throwing net.
Okay, then.
Okay, then.
Drop what? 11/52 slots (_ for help) (? for menu, Esc to quit)
Okay, then.
You feel very mighty all of a sudden.
You slash the gnoll!
You kill the gnoll!
Your Long Blades skill increases to level 4!
The gnoll hits you with a +0 halberd!
* * * LOW HITPOINT WARNING * * *
You hit the gnoll.
The gnoll is severely wounded.
A leopard gecko comes into view.
The gnoll barely misses you.
You completely miss the gnoll.
The gnoll is severely wounded.
The leopard gecko hisses angrily.
The gnoll hits you with a +0 halberd!
You die...

..# ####### ... ..gg.
#.# #..# #.######l.#####
#.#(.@ggg......# ###
#.#(##########.#
...#.#.# .#
#.#.#.##########.##
#.....##..........##.
###...##.............
#................###.
#.†........[..........
....##..##............##
.


You could see 3 gnolls and a leopard gecko.

Vanquished Creatures
  A gnoll (D:2)
  3 dart slugs
  2 leopard geckos (D:1)
  A giant cockroach (D:1)
  10 goblins (D:1)
  4 hobgoblins (D:1)
  3 jackals (D:1)
  7 bats (D:1)
  A frilled lizard (D:1)
  5 kobolds
  7 rats
44 creatures vanquished.

Notes
Turn   | Place    | Note
-------+----------+-------------------------------------------
     0 | D:1      | DogServant the Minotaur Fighter began the quest for the
                  | Orb.
     0 | D:1      | Reached XP level 1. HP: 19/19 MP: 0/0
   156 | D:1      | Reached XP level 2. HP: 16/27 MP: 1/1
   552 | D:1      | Reached XP level 3. HP: 27/33 MP: 2/2
  1212 | D:2      | Slain by a gnoll

Illustrated notes

Levels and vault maps discovered:
D:1:      psy_arrival_fountain, layout_loops_cross, minmay_misc_feat_tower,
          minmay_indecisive_spiral
D:2:      layout_loops_ring, uniq_jessica

Skill      XL: |  1  2  3 |
---------------+----------+-----
Long Blades    | 3 4 |  4.0
Armour         | 4 |  4.3
Fighting       | 4 |  4.2
Shields        | |  3.6

Action                   || total
-------------------------++-------
Melee: Long sword        ||    80
       Headbutt          ||    10
  Use: Potion            ||     1
Armor: Scale mail        ||    38
Dodge: Dodged            ||    44
Block: Kite shield       ||     2
       Rpst.: Long sword ||    14

Table legend: (Time is in decaauts)
 A = Elapsed time spent in this place.
 B = Non-inter-level travel time spent in this place.
 C = Inter-level travel time spent in this place.
 D = Time resting spent in this place.
 E = Time spent auto-exploring this place.
 F = Levels seen in this place.
 G = Mean time per level.
                   A        B        C        D        E       F      G
               +--------+--------+--------+--------+--------+-----+--------+
         Total |   1230 |   1226 |      4 |    206 |    800 |   2 |  615.0 |
       Dungeon |   1230 |   1226 |      4 |    206 |    800 |   2 |  615.0 |
               +--------+--------+--------+--------+--------+-----+--------+

Top non-repeatable levels by time:
     D:1: 1173 daAuts
     D:2: 57 daAuts
